[Event "Titled Tuesday Blitz November 07 Late 2023"]
[White "Kazakov, Mikhail"]
[Black "Kozak, Antoni"]
[WhiteFideId "14102749"]
[BlackFideId "21832030"]
[WhiteElo "2465"]
[BlackElo "2811"]
[Result "0-1"]
[Round "7"]
[TimeControl "180+1"]
[Date "2023.11.07"]
[WhiteClock "0:00:00"]
[BlackClock "0:00:10"]
[Board "20"]

1. e4 c5 2. Nf3 Nc6 3. d4 cxd4 4. Nxd4 e5 5. Nb5 d6 6. c4 g6 7. N1c3 a6 8. Na3 Bg7 9. Be2 Nf6 10. Nc2 Be6 11. O-O Rc8 12. b3 O-O 13. Ba3 Qa5 14. Qe1 Nd4 15. Nxd4 exd4 16. Na4 Qc7 17. Bd3 Rfe8 18. Rc1 Bd7 19. Nb2 Bc6 20. f3 Bh6 21. Rd1 Nh5 22. g3 Qe7 23. Bb1 Be3+ 24. Kh1 b5 25. Bd3 Qe6 26. Kg2 Bd7 27. Kh1 Red8 28. Qe2 Bc6 29. Qg2 Re8 30. Rde1 Rcd8 31. Nd1 Bh6 32. Bb2 Bg7 33. Qf2 Qh3 34. Qg2 Qc8 35. Nf2 Qb7 36. Re2 f5 37. Rfe1 Nf6 38. Bxd4 bxc4 39. Bxc4+ Kh8 40. Bd3 fxe4 41. fxe4 Nd7 42. Bxg7+ Kxg7 43. h4 Nc5 44. Bb1 Re7 45. Kh2 Rde8 46. Qf3 Rf8 47. Qc3+ Kg8 48. Qc4+ Ref7 49. Ng4 Bb5 50. Qd4 h5 51. Nh6+ Kh7 52. Nxf7 Qxf7 53. Rf2 Qxf2+ 54. Qxf2 Rxf2+ 55. Kg1 Rb2 56. Rd1 Ne6 57. Bd3 Bxd3 58. Rxd3 Nc5 59. Rxd6 Rb1+ 60. Kg2 Nxe4 61. Rxa6 Rb2+ 62. Kf3 Nc3 63. Kf4 Ne2+ 64. Kg5 Nxg3 65. Ra7+ Kg8 66. Kxg6 Kf8 67. Kg5 Rf2 68. Ra5 Ke8 69. a4 Kf7 70. Rb5 Rf3 71. a5 Ne4+ 72. Kxh5 Nd6 73. Rb6 Ne8 74. Kg4 Rc3 75. b4 Nf6+ 76. Kf4 Nd5+ 77. Ke5 Nxb6 78. axb6 Rc6 79. Kd5 Rxb6 80. Kc5 Rb8 81. b5 Ke7 82. Kc6 Kd8 83. b6 Kc8 84. h5 Rb7 85. Kd6 Rh7 86. Ke6 Kb7 87. Kf6 Rxh5 0-1


[Site "https://www.chess.com"]

[Event "Titled Tuesday Blitz November 07 Late 2023"]
[White "Toropov, Pavel"]
[Black "Makhnev, Denis"]
[WhiteFideId "24129178"]
[BlackFideId "13707647"]
[WhiteElo "2593"]
[BlackElo "2950"]
[Result "0-1"]
[Round "7"]
[TimeControl "180+1"]
[Date "2023.11.07"]
[WhiteClock "0:00:02"]
[BlackClock "0:02:06"]
[Board "21"]

1. e4 e5 2. Nf3 Nc6 3. d4 exd4 4. Nxd4 Bc5 5. Nb3 Bb6 6. Nc3 d6 7. Nd5 Nf6 8. Nxb6 axb6 9. Bd3 O-O 10. O-O Re8 11. Re1 h6 12. Bf4 Ne5 13. Bg3 Ng6 14. Nd4 Bg4 15. f3 Bd7 16. f4 c5 17. Nf5 Bxf5 18. exf5 Nf8 19. Bb5 Rxe1+ 20. Bxe1 d5 21. Bc3 d4 22. Bd2 Qd5 23. b3 Qxf5 24. Bd3 Qd5 25. Bc4 Qc6 26. Qe2 Re8 27. Qd3 Re4 28. a4 Ng6 29. Rf1 Nh4 30. Rf2 Nf5 31. Re2 Nd6 32. Bb5 Nxb5 33. axb5 Qe6 34. Rf2 Qf5 35. h3 h5 36. Qf3 g6 37. Qd3 Nd5 38. Qf3 Ne7 39. Re2 Rxe2 40. Qxe2 Qe6 41. Qxe6 fxe6 42. Kf2 Nf5 43. Kf3 Nd6 44. g4 hxg4+ 45. hxg4 Kf7 46. c4 dxc3 47. Bxc3 Nxb5 48. Be5 Ke7 49. Ke4 Kd7 50. Kd3 Kc6 51. Ke4 Nd6+ 52. Kf3 Kd5 53. Kg3 b5 54. Kh4 Nf7 55. Bf6 c4 56. bxc4+ bxc4 0-1


[Site "https://www.chess.com"]

[Event "Titled Tuesday Blitz November 07 Late 2023"]
[White "Aarav Dengla"]
[Black "Rasulov, Vugar"]
[WhiteFideId "45059756"]
[BlackFideId "13402390"]
[WhiteElo "2651"]
[BlackElo "2946"]
[Result "0-1"]
[Round "7"]
[TimeControl "180+1"]
[Date "2023.11.07"]
[WhiteClock "0:00:15"]
[BlackClock "0:00:58"]
[Board "22"]

1. e4 c6 2. d4 d5 3. exd5 cxd5 4. Bd3 Nc6 5. c3 Nf6 6. h3 g6 7. Qc2 e5 8. dxe5 Nxe5 9. Bb5+ Bd7 10. Bxd7+ Qxd7 11. Ne2 Bd6 12. Bf4 O-O 13. O-O Rfe8 14. Bxe5 Bxe5 15. Nd2 Ne4 16. Nf3 Bc7 17. Rad1 Rad8 18. Qb3 Nc5 19. Qc2 Ne4 20. Qd3 Qd6 21. Qb5 a6 22. Qa4 b5 23. Qc2 h5 24. a4 Qf6 25. axb5 axb5 26. Qd3 b4 27. c4 Qxb2 28. cxd5 Nc5 29. Qc4 Qxe2 30. Qxc5 Bd6 31. Qd4 Qe4 32. Qb2 Qf4 33. Rd4 Qf5 34. Qb3 Rc8 35. Rd3 Rc5 36. Qxb4 Qxd3 0-1


[Site "https://www.chess.com"]

[Event "Titled Tuesday Blitz November 07 Late 2023"]
[White "Arifarsky"]
[Black "Yeletsky, Ivan"]
[BlackFideId "24180327"]
[WhiteElo "2685"]
[BlackElo "2927"]
[Result "0-1"]
[Round "7"]
[TimeControl "180+1"]
[Date "2023.11.07"]
[WhiteClock "0:00:00"]
[BlackClock "0:00:04"]
[Board "23"]

1. d4 e6 2. a3 c5 3. e3 Nf6 4. Nf3 b6 5. b3 cxd4 6. exd4 d5 7. Bb2 g6 8. Nbd2 Bg7 9. Bd3 Ba6 10. Bxa6 Nxa6 11. Qe2 Nc7 12. Ne5 O-O 13. O-O-O Rc8 14. Kb1 Nce8 15. h4 Qc7 16. Rc1 Nd6 17. f3 Nf5 18. Nf1 Nd7 19. f4 Nd6 20. Nd2 Nf5 21. Rh3 Nf6 22. g4 Nd6 23. h5 Nfe4 24. Ndf3 Nc3+ 25. Bxc3 Qxc3 26. hxg6 hxg6 27. Rch1 Rfd8 28. Nxg6 fxg6 29. Qxe6+ Nf7 30. R1h2 Qc6 31. Qe2 Re8 32. Qd3 Kf8 33. Ne5 Bxe5 34. fxe5 Qe6 35. Rf3 Qxg4 36. Rhf2 Rc7 37. Rg3 Qe4 38. Qxe4 dxe4 39. Rxg6 e3 40. Re2 Rd8 41. Rg3 Rxd4 42. Rgxe3 Re7 43. e6 Nd6 44. Kb2 Rf4 45. Re5 Rf6 46. Kc3 Ke8 47. Kd4 Kd8 48. Kd5 Kc7 49. R5e3 Rf5+ 50. Kd4 Nb5+ 51. Ke4 Rc5 52. a4 Nc3+ 0-1


[Site "https://www.chess.com"]

[Event "Titled Tuesday Blitz November 07 Late 2023"]
[White "Grigoriants, Sergey"]
[Black "Volkov, Maksim"]
[WhiteFideId "4130804"]
[BlackFideId "54123070"]
[WhiteElo "2904"]
[BlackElo "2643"]
[Result "1-0"]
[Round "7"]
[TimeControl "180+1"]
[Date "2023.11.07"]
[WhiteClock "0:00:08"]
[BlackClock "0:00:06"]
[Board "24"]

1. d4 d5 2. c4 e6 3. Nc3 c6 4. e3 Nf6 5. Nf3 Nbd7 6. Qc2 Bd6 7. Bd3 dxc4 8. Bxc4 b5 9. Be2 Bb7 10. O-O O-O 11. Rd1 Qc7 12. e4 e5 13. g3 Rfe8 14. dxe5 Nxe5 15. Nd4 g6 16. Bg5 Nfd7 17. Rac1 Bc5 18. Be3 Qb6 19. b4 Bxb4 20. Ndxb5 Qa5 21. Nd6 Bxd6 22. Rxd6 Ba6 23. f4 Bxe2 24. Qxe2 Qa3 25. fxe5 Nxe5 26. Rdd1 Rad8 27. Kg2 Rb8 28. Rc2 h5 29. Bf4 Rb4 30. Bxe5 Rxe5 31. Rd8+ Kg7 32. Qf3 Rb7 33. Rf2 Qe7 34. Rd1 Rb8 35. Rdf1 Rf8 36. Qf6+ Qxf6 37. Rxf6 Rc5 38. R6f3 h4 39. gxh4 f6 40. Rd1 Re8 41. Rd7+ Kh6 42. Rxa7 Rb8 43. Rf7 Kh5 44. Kg3 g5 45. R7xf6 gxh4+ 46. Kh3 Rb2 47. R3f5+ Rxf5 48. Rxf5+ Kg6 49. Rc5 Rc2 50. Kxh4 Rxh2+ 51. Kg4 Rc2 52. Rxc6+ Kf7 53. Kf5 Rxc3 54. Rxc3 1-0


[Site "https://www.chess.com"]

[Event "Titled Tuesday Blitz November 07 Late 2023"]
[White "Bauman_Guy"]
[Black "Wieczorek, Oskar"]
[BlackFideId "1133950"]
[WhiteElo "2901"]
[BlackElo "2643"]
[Result "1/2-1/2"]
[Round "7"]
[TimeControl "180+1"]
[Date "2023.11.07"]
[WhiteClock "0:00:19"]
[BlackClock "0:00:05"]
[Board "25"]

1. e4 c5 2. Nf3 e6 3. d4 cxd4 4. Nxd4 Nf6 5. Nc3 d6 6. g4 e5 7. Nf5 h5 8. Bg5 hxg4 9. Bc4 Bxf5 10. exf5 Nbd7 11. Nd5 Be7 12. c3 Nb6 13. Bb5+ Kf8 14. Ne3 d5 15. Bxf6 Bxf6 16. Nxg4 Qe7 17. Qb3 Bg5 18. a4 Rd8 19. a5 Nc8 20. Rd1 d4 21. Kf1 Nd6 22. Re1 Nxb5 23. Qxb5 f6 24. cxd4 Rxd4 25. Ne3 Qb4 26. Qxb4+ Rxb4 27. Rd1 Rd4 28. Rxd4 exd4 29. Nd5 Rh3 30. Kg2 Rb3 31. Rd1 d3 32. f4 Bh4 33. Kh3 Bf2 34. Kg4 Bd4 35. Nc3 Rxb2 36. Rxd3 Bxc3 37. Rxc3 Rb5 38. Rc8+ Kf7 39. Rc7+ Kg8 40. h4 Kh7 41. h5 Rxa5 42. Rxb7 Ra1 43. Rb8 a5 44. h6 gxh6 45. Rb7+ Kg8 46. Kh5 Rf1 47. Kxh6 Rg1 48. Ra7 Kf8 49. Rxa5 Kf7 50. Ra7+ Kf8 51. Rb7 Kg8 52. Kh5 Kf8 53. Rh7 Kg8 54. Rh6 Kf7 55. Rh7+ Kg8 56. Rd7 Kf8 57. Rd8+ Kg7 58. Rd7+ Kf8 59. Rd3 Kg8 60. Rh3 Kf7 61. Kh4 Rg2 62. Rg3 Rh2+ 63. Kg4 Ra2 64. Rh3 Rg2+ 65. Kf3 Ra2 66. Rh7+ Kg8 67. Rd7 Ra4 68. Rc7 Ra1 69. Ke4 Re1+ 70. Kd5 Kf8 71. Kd6 Re2 72. Rh7 Re1 73. Kd7 Re2 74. Rh8+ Kf7 75. Rh7+ Kf8 76. Kd6 Re4 77. Kd5 Re1 78. Rh3 Kf7 79. Rh7+ Kf8 80. Rc7 Ke8 81. Rc6 Kf7 82. Rc7+ Kf8 83. Rc4 Re2 84. Re4 Ra2 85. Rd4 Ke7 86. Re4+ Kd7 87. Rb4 Ra5+ 88. Ke4 Ke7 89. Kf3 Rxf5 90. Kg4 Ra5 91. f5 Ra1 92. Rb7+ Kf8 93. Rc7 Rg1+ 94. Kf4 Kg8 95. Ke4 Re1+ 96. Kf4 Kf8 97. Rb7 Kg8 98. Kg4 Rg1+ 99. Kf4 Rf1+ 100. Kg4 Rg1+ 101. Kf4 Ra1 102. Kg4 Rg1+ 1/2-1/2


[Site "https://www.chess.com"]

[Event "Titled Tuesday Blitz November 07 Late 2023"]
[White "reevecanada"]
[Black "Mikaelyan, Arman"]
[BlackFideId "13304852"]
[WhiteElo "2643"]
[BlackElo "2846"]
[Result "1-0"]
[Round "7"]
[TimeControl "180+1"]
[Date "2023.11.07"]
[WhiteClock "0:01:07"]
[BlackClock "0:00:30"]
[Board "26"]

1. e4 g6 2. d4 Bg7 3. f4 c5 4. c3 d5 5. e5 Nc6 6. Ne2 Nh6 7. dxc5 O-O 8. Nd4 f6 9. Nxc6 bxc6 10. exf6 exf6 11. Be2 Qe7 12. b4 Re8 13. a4 Ng4 14. Ra2 Ne3 15. Bxe3 Qxe3 16. Qd2 Qe4 17. O-O Bf5 18. Bf3 Qd3 19. Rd1 Qxd2 20. Nxd2 Re3 21. Rc1 Rae8 22. Nf1 Re1 23. Raa1 Rxc1 24. Rxc1 Bd3 25. Nd2 f5 26. Nb3 Rb8 27. Na5 Be4 28. Nxc6 Rc8 29. Ne7+ 1-0


[Site "https://www.chess.com"]

[Event "Titled Tuesday Blitz November 07 Late 2023"]
[White "Golubev, Mikhail"]
[Black "Vasquez Schroeder, Rodrigo"]
[WhiteFideId "14100983"]
[BlackFideId "3400042"]
[WhiteElo "2639"]
[BlackElo "2838"]
[Result "1-0"]
[Round "7"]
[TimeControl "180+1"]
[Date "2023.11.07"]
[WhiteClock "0:00:19"]
[BlackClock "0:00:29"]
[Board "27"]

1. e4 c5 2. Nf3 d6 3. d4 cxd4 4. Nxd4 Nf6 5. Nc3 a6 6. Bc4 e6 7. O-O b5 8. Bb3 Be7 9. f4 O-O 10. e5 dxe5 11. fxe5 Bc5 12. Be3 Nfd7 13. Ne4 Bb7 14. Nxc5 Nxc5 15. Qg4 Nxb3 16. axb3 Kh8 17. Rad1 Nd7 18. Nxe6 fxe6 19. Rxf8+ Qxf8 20. Rxd7 Bc6 21. Rd6 Bb7 22. h3 Rc8 23. c4 bxc4 24. bxc4 Re8 25. Rxe6 Rxe6 26. Qxe6 Bc8 27. Qd5 Qe8 28. c5 Bd7 29. Qd6 Bc6 30. e6 h6 31. Bd4 Kh7 32. Qc7 1-0


[Site "https://www.chess.com"]

[Event "Titled Tuesday Blitz November 07 Late 2023"]
[White "Seemann, Jakub"]
[Black "Ghasi, Ameet K"]
[WhiteFideId "21874697"]
[BlackFideId "409200"]
[WhiteElo "2642"]
[BlackElo "2805"]
[Result "0-1"]
[Round "7"]
[TimeControl "180+1"]
[Date "2023.11.07"]
[WhiteClock "0:00:00"]
[BlackClock "0:00:48"]
[Board "28"]

1. e4 g6 2. d4 Bg7 3. Nf3 d6 4. Bd3 Nf6 5. h3 O-O 6. O-O Nc6 7. c3 Nd7 8. Re1 e5 9. Bg5 Qe8 10. Be3 f5 11. exf5 gxf5 12. dxe5 dxe5 13. Bc4+ Kh8 14. Ng5 Nb6 15. Bf7 Rxf7 16. Qh5 Kg8 17. Qxh7+ Kf8 18. Bc5+ Ne7 19. Qg6 Nd7 20. Nxf7 Nxc5 21. Qg5 Qxf7 22. Nd2 Ne6 23. Qh4 Ng6 24. Qa4 Bd7 25. Qb4+ Ne7 26. Qxb7 Bc6 27. Qb4 a5 28. Qh4 Qf6 29. Qg3 Nf4 30. Nf3 Nd3 31. Red1 e4 32. Nd4 f4 33. Qg4 Bd5 34. Qd7 c5 35. Ne2 Bc6 36. Qc7 Rc8 0-1


[Site "https://www.chess.com"]

[Event "Titled Tuesday Blitz November 07 Late 2023"]
[White "Zakaryan, David"]
[Black "Leitao, Rafael"]
[WhiteFideId "24101923"]
[BlackFideId "2101246"]
[WhiteElo "2633"]
[BlackElo "2796"]
[Result "1/2-1/2"]
[Round "7"]
[TimeControl "180+1"]
[Date "2023.11.07"]
[WhiteClock "0:01:45"]
[BlackClock "0:01:57"]
[Board "29"]

1. Nf3 Nf6 2. c4 g6 3. Nc3 Bg7 4. e4 d6 5. d4 O-O 6. h3 c6 7. Bd3 a6 8. a4 a5 9. O-O Na6 10. Re1 Nb4 11. Bf1 e5 12. Be3 exd4 13. Nxd4 Re8 14. Bf4 Nh5 15. Be3 Nf6 16. Bf4 Nh5 17. Be3 Nf6 1/2-1/2


[Site "https://www.chess.com"]

[Event "Titled Tuesday Blitz November 07 Late 2023"]
[White "Sokolovsky, Yahli"]
[Black "ArtemDyachuk"]
[WhiteFideId "2820242"]
[WhiteElo "2780"]
[BlackElo "2620"]
[Result "0-1"]
[Round "7"]
[TimeControl "180+1"]
[Date "2023.11.07"]
[WhiteClock "0:00:00"]
[BlackClock "0:00:39"]
[Board "30"]

1. b3 e5 2. Bb2 Nc6 3. e3 Nge7 4. d4 exd4 5. exd4 d5 6. Nf3 Ng6 7. Bb5 Bd6 8. O-O O-O 9. Bxc6 bxc6 10. Ne5 Qg5 11. Nd2 Bxe5 12. dxe5 Nf4 13. g3 h5 14. Nf3 Qg4 15. Nd4 Nh3+ 16. Kh1 Qe4+ 17. Qf3 c5 18. Qxe4 dxe4 19. Nc6 Bg4 20. Kg2 Ng5 21. h4 Bh3+ 22. Kh2 Bxf1 23. hxg5 Be2 24. Re1 Bf3 25. Re3 Rfe8 26. Na5 Rad8 27. Nc4 Rd1 28. g4 h4 29. Rxf3 exf3 30. Ne3 Rd2 31. Kg1 Red8 32. Bc3 Re2 33. Kf1 h3 34. e6 h2 0-1


[Site "https://www.chess.com"]

[Event "Titled Tuesday Blitz November 07 Late 2023"]
[White "Hambleton, Aman"]
[Black "Kokoszczynski, Jan"]
[WhiteFideId "2606577"]
[BlackFideId "1174460"]
[WhiteElo "2747"]
[BlackElo "2612"]
[Result "1-0"]
[Round "7"]
[TimeControl "180+1"]
[Date "2023.11.07"]
[WhiteClock "0:00:05"]
[BlackClock "0:00:18"]
[Board "31"]

1. d4 d5 2. Bf4 Nf6 3. e3 c5 4. c3 Nc6 5. Nd2 cxd4 6. exd4 Bf5 7. Qb3 Qc8 8. Ngf3 e6 9. Be2 Be7 10. O-O O-O 11. Rfe1 Bg6 12. a4 Ne4 13. Nxe4 Bxe4 14. Nd2 Bg6 15. a5 Bd8 16. a6 b6 17. Bd6 Be7 18. Bg3 Rd8 19. Bb5 Na5 20. Qa4 Bd6 21. Bh4 Rf8 22. Rac1 Qc7 23. Bg3 Bxg3 24. hxg3 Rac8 25. Nf1 Qd6 26. Ne3 Rc7 27. Qd1 Rfc8 28. Qg4 Nc6 29. Rcd1 Ne7 30. Qf4 Qxf4 31. gxf4 Nf5 32. Nxf5 Bxf5 33. f3 Bc2 34. Rd2 Bb3 35. Ra1 Bc4 36. Bxc4 Rxc4 37. Kf2 Kf8 38. Ke3 Ke7 39. g4 h6 40. Kd3 Kd6 41. Rc2 R8c6 42. b3 b5 43. bxc4 bxc4+ 44. Kd2 Rb6 45. Rca2 Kc6 46. Kc2 1-0


[Site "https://www.chess.com"]

[Event "Titled Tuesday Blitz November 07 Late 2023"]
[White "Goltsev, Dmitry"]
[Black "Sargsyan, Anna M."]
[WhiteFideId "24176710"]
[BlackFideId "13308130"]
[WhiteElo "2738"]
[BlackElo "2610"]
[Result "1-0"]
[Round "7"]
[TimeControl "180+1"]
[Date "2023.11.07"]
[WhiteClock "0:02:32"]
[BlackClock "0:02:16"]
[Board "32"]

1. e4 e5 2. Nf3 Nc6 3. Bb5 a6 4. Ba4 Nf6 5. O-O Nxe4 6. d4 b5 7. Bb3 d5 8. dxe5 Be6 9. Be3 Be7 10. Nbd2 O-O 11. c3 Qd7 12. a4 f5 13. exf6 Bxf6 14. Nxe4 1-0


[Site "https://www.chess.com"]

[Event "Titled Tuesday Blitz November 07 Late 2023"]
[White "Rosen, Eric"]
[Black "Sturt, Raven"]
[WhiteFideId "2032562"]
[BlackFideId "2007304"]
[WhiteElo "2736"]
[BlackElo "2601"]
[Result "0-1"]
[Round "7"]
[TimeControl "180+1"]
[Date "2023.11.07"]
[WhiteClock "0:00:00"]
[BlackClock "0:00:02"]
[Board "33"]

1. e4 e5 2. Nf3 Nc6 3. Nc3 Nf6 4. d4 exd4 5. Nxd4 Bb4 6. Nxc6 bxc6 7. Bd3 O-O 8. O-O d5 9. Bd2 Bxc3 10. Bxc3 dxe4 11. Bxf6 Qxf6 12. Bxe4 Ba6 13. Re1 Rad8 14. Qh5 h6 15. Qa5 Bc4 16. b3 Bd5 17. Bxd5 Rxd5 18. Qxa7 Rd2 19. Rac1 Rfd8 20. Rf1 Re2 21. Qxc7 Rdd2 22. Qb8+ Kh7 23. Qg3 h5 24. h4 c5 25. a4 c4 26. bxc4 Re4 27. Qg5 Qxg5 28. hxg5 Rxc4 29. a5 Rd6 30. Ra1 Ra6 31. Rfc1 Kg6 32. Kf1 Kxg5 33. Ke2 h4 34. Kd3 Rg4 35. Rcb1 Rxg2 36. Rb5+ f5 37. Rb6 Ra8 38. a6 h3 39. a7 h2 40. Rbb1 g6 41. c4 Rxf2 42. c5 Rf3+ 43. Kc4 Rh3 44. Rh1 Kf6 45. c6 Ke6 46. Kc5 Rc3+ 47. Kb6 Kd6 48. Rad1+ Ke6 49. Rhe1+ Kf6 50. Kb7 Rxa7+ 51. Kxa7 Rxc6 52. Rd2 Re6 53. Rh1 f4 54. Rdxh2 Kf5 55. Kb7 g5 56. Rh8 f3 57. Rf8+ Rf6 58. Rg8 Kf4 0-1


[Site "https://www.chess.com"]

[Event "Titled Tuesday Blitz November 07 Late 2023"]
[White "Gontcharov, Vladislav"]
[Black "Tatarinov, Dmitry"]
[WhiteFideId "4123492"]
[BlackFideId "24160067"]
[WhiteElo "2588"]
[BlackElo "2728"]
[Result "1/2-1/2"]
[Round "7"]
[TimeControl "180+1"]
[Date "2023.11.07"]
[WhiteClock "0:00:04"]
[BlackClock "0:00:16"]
[Board "34"]

1. d4 Nf6 2. c4 e6 3. Nc3 d5 4. cxd5 exd5 5. Bg5 c6 6. e3 h6 7. Bh4 Bd6 8. Bd3 Nbd7 9. Nge2 O-O 10. Qc2 Re8 11. h3 b5 12. g4 b4 13. Nd1 c5 14. Rg1 c4 15. Bf5 Qa5 16. Kf1 Ne4 17. f3 b3 18. axb3 Qxa1 19. fxe4 cxb3 20. Qd2 dxe4 21. Kf2 Qa6 22. Ndc3 Nb6 23. Bxe4 Bb7 24. Bd3 Nc4 25. Qc1 Rac8 26. g5 Bf8 27. Nf4 hxg5 28. Rxg5 Qh6 29. Rh5 Qxh5 30. Nxh5 Nxe3 31. Qg1 Rc6 32. Bf6 Ree6 33. Bxg7 Rg6 34. Bxg6 Rxg6 35. Qxg6 fxg6 36. Bxf8 Nc4 37. Bc5 gxh5 38. Bxa7 Nxb2 39. d5 Nc4 40. Kf3 b2 41. Ke4 Nd2+ 42. Ke5 b1=Q 43. Nxb1 Nxb1 44. d6 Bc8 45. Kf6 Bxh3 46. Ke7 Kg7 47. Bf2 Kg6 48. d7 Bxd7 49. Kxd7 Nd2 50. Ke6 Kg5 51. Ke5 Kg4 52. Kd4 Kf3 53. Bh4 Ne4 54. Bd8 Nd6 55. Kd3 Nf7 56. Be7 Ne5+ 57. Kd2 Nc6 58. Bf6 Nb4 59. Ke1 Kg2 60. Be7 Nd5 61. Bd8 Ne3 62. Ke2 Nf5 63. Ke1 Ng3 64. Be7 Kf3 65. Bd8 Ne4 66. Kf1 Kg3 67. Kg1 Kh3 68. Be7 Ng3 69. Bd8 Ne2+ 70. Kh1 Nf4 71. Kg1 Ne6 72. Be7 Ng7 73. Kh1 Nf5 74. Bd8 Kg4 75. Kg1 Nd4 76. Kh2 Ne6 77. Be7 Kf5 78. Kh3 Nf4+ 79. Kh4 Kg6 80. Bd8 Ne6 81. Be7 Ng7 82. Kh3 Nf5 83. Bd8 Nd6 84. Kh2 Nf7 85. Be7 Nh6 86. Bd8 Ng4+ 87. Kh3 Ne3 88. Kh2 Nd5 89. Kh3 Ne3 90. Kh2 Nf5 91. Kh3 Kf7 92. Kh2 Ke8 93. Ba5 Kd7 94. Kh3 Ke6 95. Be1 Kf6 96. Bf2 Nd6 97. Bh4+ Kf5 98. Be1 Nc4 99. Kh4 1/2-1/2


[Site "https://www.chess.com"]

[Event "Titled Tuesday Blitz November 07 Late 2023"]
[White "Koziorowicz, Michal"]
[Black "MKlose11"]
[WhiteFideId "21809194"]
[WhiteElo "2581"]
[BlackElo "2721"]
[Result "1-0"]
[Round "7"]
[TimeControl "180+1"]
[Date "2023.11.07"]
[WhiteClock "0:01:29"]
[BlackClock "0:00:34"]
[Board "35"]

1. e4 e6 2. d4 d5 3. Nc3 Bb4 4. e5 Ne7 5. Qg4 Ng6 6. h4 h5 7. Qg3 Nc6 8. a3 Bxc3+ 9. bxc3 Nce7 10. Bd3 b6 11. Nf3 a5 12. Bg5 Qd7 13. Bxe7 Nxe7 14. Qxg7 Rg8 15. Qh7 Rxg2 16. Ng5 Qc6 17. Qxf7+ Kd7 18. Kf1 Rg4 19. f3 Qxc3 20. fxg4 Qxa1+ 21. Kg2 Qxd4 22. Qxe6+ Kd8 23. Nf7+ Ke8 24. Bb5+ Kf8 25. Qh6+ Kxf7 26. Rf1+ Bf5 27. Qh7+ Kf8 28. Qh8+ Kf7 29. e6+ Kxe6 30. Qxd4 Bxg4 31. Rf6# 1-0


[Site "https://www.chess.com"]

[Event "Titled Tuesday Blitz November 07 Late 2023"]
[White "Lima, Kleyton Alcantara"]
[Black "Pakleza, Zbigniew"]
[WhiteFideId "22718397"]
[BlackFideId "1119290"]
[WhiteElo "2554"]
[BlackElo "2712"]
[Result "0-1"]
[Round "7"]
[TimeControl "180+1"]
[Date "2023.11.07"]
[WhiteClock "0:01:32"]
[BlackClock "0:01:31"]
[Board "36"]

1. e4 d6 2. d4 Nf6 3. Nc3 c6 4. f4 Qb6 5. Nf3 Bg4 6. Be2 Bxf3 7. Bxf3 e5 8. dxe5 dxe5 9. fxe5 Nfd7 10. e6 fxe6 11. Bg4 Na6 12. Bxe6 O-O-O 13. Qe2 Bc5 14. Bg5 Qxb2 15. Bxd8 Qxa1+ 16. Kd2 Qxh1 17. Bxd7+ Kxd8 0-1


[Site "https://www.chess.com"]

[Event "Titled Tuesday Blitz November 07 Late 2023"]
[White "Santos Flores, Alberto"]
[Black "Annaberdiyev, Meylis"]
[WhiteFideId "3601234"]
[BlackFideId "14000563"]
[WhiteElo "2544"]
[BlackElo "2699"]
[Result "1-0"]
[Round "7"]
[TimeControl "180+1"]
[Date "2023.11.07"]
[WhiteClock "0:00:16"]
[BlackClock "0:00:00"]
[Board "37"]

1. e4 c5 2. Nf3 Nc6 3. Nc3 e6 4. d4 cxd4 5. Nxd4 Qc7 6. g3 a6 7. Bg2 Nf6 8. O-O h5 9. Re1 Nxd4 10. Qxd4 Bc5 11. Qd3 Ng4 12. Nd1 h4 13. Ne3 Ne5 14. Qe2 d6 15. c4 Bd7 16. b3 Bc6 17. Bb2 O-O-O 18. a3 hxg3 19. hxg3 Rh6 20. b4 Bxe3 21. Qxe3 Nxc4 22. Qc3 Nxb2 23. Qxg7 Rdh8 24. Qxb2 f5 25. a4 Qh7 26. Kf1 Bxe4 27. Bxe4 fxe4 28. Qd4 Qf5 29. Ke2 d5 30. Rac1+ Kb8 31. b5 Rh2 32. Rf1 Qf3+ 33. Kd2 Qxg3 34. Qxh8+ Ka7 35. b6+ Kxb6 36. Qd4+ Ka5 37. Qc5+ b5 38. Qc7+ Qxc7 39. Rxc7 d4 40. Ke2 Kxa4 41. Re7 1-0


[Site "https://www.chess.com"]

[Event "Titled Tuesday Blitz November 07 Late 2023"]
[White "Priasmoro, Novendra"]
[Black "Tikhonov, Viacheslav"]
[WhiteFideId "7105029"]
[BlackFideId "44196407"]
[WhiteElo "2694"]
[BlackElo "2544"]
[Result "0-1"]
[Round "7"]
[TimeControl "180+1"]
[Date "2023.11.07"]
[WhiteClock "0:00:00"]
[BlackClock "0:00:30"]
[Board "38"]

1. Nf3 d5 2. g3 Nf6 3. Bg2 g6 4. O-O Bg7 5. d4 O-O 6. c4 c6 7. cxd5 cxd5 8. Nc3 Nc6 9. Ne5 e6 10. Nxc6 bxc6 11. Na4 Rb8 12. b3 Re8 13. Bb2 Ba6 14. Rc1 Bb5 15. Nc5 Nd7 16. a4 Nxc5 17. Rxc5 Bxa4 18. bxa4 Rxb2 19. Rxc6 Qa5 20. e3 Rb4 21. Qf3 Rxa4 22. Qf4 Ra1 23. Rc7 Rf8 24. Qd6 Rxf1+ 25. Bxf1 Qb6 26. Qd7 a5 27. Rb7 Qd8 28. Qb5 h5 29. h4 Qa8 30. Qb6 Qd8 31. Qa6 g5 32. Qe2 g4 33. Qa6 Qc8 34. Qb6 Bf6 35. Ra7 Bd8 36. Qb5 Qc3 37. Ra8 Be7 38. Rxa5 Qb4 39. Qa6 Rb8 40. Ra2 Qe1 41. Re2 Qd1 42. Ra2 Rb1 43. Kg2 Qf3+ 44. Kh2 Kg7 45. Rd2 Bd6 46. Bg2 Bxg3+ 47. fxg3 Qxe3 48. Rf2 Qxf2 49. Qf1 Qxf1 0-1


[Site "https://www.chess.com"]

[Event "Titled Tuesday Blitz November 07 Late 2023"]
[White "Leiva, Gianmarco"]
[Black "Kochiev, Ivan"]
[WhiteFideId "3804399"]
[BlackFideId "2917890"]
[WhiteElo "2690"]
[BlackElo "2523"]
[Result "0-1"]
[Round "7"]
[TimeControl "180+1"]
[Date "2023.11.07"]
[WhiteClock "0:00:38"]
[BlackClock "0:00:06"]
[Board "39"]

1. d4 Nf6 2. Nf3 e6 3. Bf4 c5 4. e3 d5 5. c3 Bd6 6. Nbd2 Qc7 7. Bg3 Nbd7 8. Bb5 O-O 9. Bxd7 Nxd7 10. Bxd6 Qxd6 11. O-O e5 12. dxe5 Nxe5 13. Nxe5 Qxe5 14. Qa4 b6 15. Rad1 Qe6 16. Qf4 Re8 17. Nf3 Bb7 18. Rd2 Rad8 19. Rfd1 h6 20. Qa4 a5 21. Ne1 Rd6 22. Nd3 Bc6 23. Qb3 c4 24. Qxb6 cxd3 25. Rxd3 Ba4 26. Qxa5 Ra6 27. Qb4 Bxd1 28. Rxd1 Rxa2 29. h3 g6 30. Rd4 Ra1+ 31. Kh2 Qe5+ 32. g3 Qf5 33. Kg2 Qb1 34. Kf3 Qh1+ 35. Ke2 Qxh3 36. Rxd5 Qf1+ 37. Kf3 Qh1+ 38. Ke2 Qxd5 0-1


[Site "https://www.chess.com"]

[Event "Titled Tuesday Blitz November 07 Late 2023"]
[White "TimGrutter03"]
[Black "Zeltsan, Joseph"]
[BlackFideId "30932980"]
[WhiteElo "2522"]
[BlackElo "2689"]
[Result "0-1"]
[Round "7"]
[TimeControl "180+1"]
[Date "2023.11.07"]
[WhiteClock "0:00:00"]
[BlackClock "0:00:13"]
[Board "40"]

1. c4 e6 2. Nc3 d5 3. cxd5 exd5 4. d4 Nf6 5. Bg5 Be7 6. e3 O-O 7. Bd3 Re8 8. Qc2 h6 9. Bh4 c5 10. dxc5 d4 11. exd4 Qxd4 12. Bxf6 Bxf6+ 13. Nge2 Qxc5 14. O-O Nc6 15. a3 Bg4 16. Rab1 Rad8 17. b4 Qh5 18. Ng3 Qe5 19. Nce4 Nd4 20. Nxf6+ Qxf6 21. Qb2 Bf3 22. Rbe1 Bxg2 23. Kxg2 Qf3+ 24. Kg1 Qxd3 25. Rxe8+ Rxe8 26. Qb1 Qf3 27. Re1 Ne2+ 28. Rxe2 Rxe2 29. Nxe2 Qxe2 30. Qf5 Qd1+ 31. Kg2 Qd8 32. Qe4 Qd7 33. Kf1 g6 34. Qe3 Kh7 35. Qf4 Qb5+ 0-1


[Site "https://www.chess.com"]